Map: Interloper LE

Players

Winthrowe

  • Race: Zerg Zerg
  • League: Silver
  • Spawn Location: 5:00

A.I. 1 (Hard) - Winner!

  • Race: Protoss Protoss
  • Spawn Location: 11:00

VOD

Have the link to the VOD?

Description

Time

  • Played on: Aug. 18, 2017, 9:24 p.m.
  • Length: 5:49
Show
View Real Time Build Order
Export as new Build Order

Winthrowe Zerg 

Build Orders: Pool First 

Get SALT Encoding   

  12  0:02  Drone  
  13  0:13  Extractor  
  12  0:16  Overlord  
  12  0:21  Drone  
  13  0:25  Drone  
  14  0:35  Drone  
  15  0:41  Drone  
  16  0:50  Drone  
  17  0:59  Spawning Pool  
  17  1:02  Drone  
  17  1:16  Drone  
  18  1:34  Drone  
  19  1:40  Hatchery  
  19  1:42  Overlord  
  19  1:45  Drone  
  19  1:56  Queen  
  19  1:59  Drone  
  22  2:16  Drone x2  
  22  2:22  Extractor  
  23  2:33  Drone  
  23  2:36  Extractor  
  23  2:38  Metabolic Boost  
  23  2:41  Extractor, Lair  
  22  2:51  Evolution Chamber  
  22  2:53  Drone x3  
  22  2:55  Evolution Chamber  
  23  3:14  Queen  
  23  3:18  Drone x4  
  30  3:20  Drone  
  30  3:23  Drone  
  31  3:35  Zergling x6  
  34  3:56  Infestation Pit  
  34  3:58  Zergling x2  
  34  3:59  Zergling x4  
  34  4:00  Overlord x2  
  36  4:20  Drone x2  
  36  4:21  Drone  
  36  4:22  Drone  
  40  4:46  Roach Warren  
  40  4:51  Baneling Nest  
  38  5:01  Spore Crawler  
  38  5:06  Drone x8  
  45  5:28  Drone  
  45  5:29  Drone x3  
Show
View Real Time Build Order
Export as new Build Order

A.I. 1 (Hard) Protoss - Winner!

Build Orders:  

Get SALT Encoding   

  12  0:01  Probe (Chrono Boost)  
  13  0:11  Probe (Chrono Boost)  
  14  0:20  Pylon  
  14  0:22  Probe (Chrono Boost)  
  15  0:38  Probe (Chrono Boost)  
  16  0:47  Assimilator  
  16  0:49  Probe (Chrono Boost)  
  17  0:51  Gateway  
  17  0:59  Pylon, Probe (Chrono Boost)  
  18  1:10  Probe (Chrono Boost)  
  19  1:22  Probe (Chrono Boost)  
  20  1:36  Zealot  
  20  1:42  Cybernetics Core  
  20  1:44  Gateway  
  22  1:47  Assimilator  
  22  2:03  Pylon  
  22  2:05  Zealot  
  24  2:14  Warp Gate  
  24  2:30  Stalker  
  24  2:34  Stalker  
  28  2:47  Pylon  
  29  2:58  Probe (Chrono Boost)  
  29  2:59  Stalker  
  29  3:03  Stalker  
  33  3:10  Probe (Chrono Boost)  
  34  3:17  Forge  
  34  3:22  Probe (Chrono Boost)  
  35  3:28  Stalker  
  35  3:32  Adept  
  40  3:34  Probe (Chrono Boost)  
  40  3:40  Pylon  
  40  3:46  Probe (Chrono Boost)  
  41  3:58  Probe (Chrono Boost)  
  42  5:00  Adept  
  42  5:03  Gateway  
  42  5:04  Robotics Facility  
  42  5:06  Photon Cannon, Pylon  
  44  5:09  Sentry, Nexus  
  46  5:19  Adept  
  48  5:31  Sentry  
  50  5:37  Photon Cannon  
  50  5:41  Adept  
  52  5:49  Stargate  
Tags
 
League
Silver
Matchup
PvZ
Opening
Pool First
Spawn Locations
Cross Positions
Add a new tag
Caveats
  • Supply blocks, unpowered buildings, or Contaminate may cause inaccurate times.
  • Supply counts are checked every 10 seconds.